 Dungeon Crawl Stone Soup version 0.28-b1-1-g3c77fb2ed1 (webtiles) character file.

Game seed: 3183874293697909055

216 styxcanada the Covert (level 5, -18/26 HPs)
             Began as a Spriggan Brigand on Jan 28, 2022.
             Demolished by an ogre (23 damage)
             ... on level 5 of the Dungeon.
             The game lasted 00:09:10 (2168 turns).

styxcanada the Covert (Spriggan Brigand)            Turns: 2168, Time: 00:09:10

Health: -18/26     AC:  3    Str: 13    XL:     5   Next: 61%
Magic:  6/6        EV: 18    Int: 13    God:
Gold:   42         SH:  0    Dex: 18    Spells: 4/4 levels left

rFire   . . .      SeeInvis +   a - +2 dagger
rCold   . . .      Faith    .   (no shield)
rNeg    . . .      Spirit   .   b - +0 robe
rPois   .          Reflect  .   (helmet restricted)
rElec   .          Harm     .   c - +0 cloak
rCorr   .          Rampage  .   (gloves unavailable)
Will    .....                   (boots unavailable)
Stlth   ++++......              (no amulet)
HPRegen 0.08/turn               m - +6 ring of strength
MPRegen 0.10/turn               (no ring)

@: very quick
A: very small, no large weapons, unfitting armour, see invisible, speed 3
a: no special abilities


You were on level 5 of the Dungeon.
You visited 1 branch of the dungeon, and saw 5 of its levels.

You collected 42 gold pieces.

Inventory:

Hand Weapons
 a - a +2 dagger (weapon)
Missiles
 e - 2 curare-tipped darts
 h - a throwing net
 j - 2 atropa-tipped darts (quivered)
 n - 23 stones
 o - 29 sling bullets
Armour
 b - a +0 robe (worn)
 c - a +0 cloak (worn)
Jewellery
 m - a +6 ring of strength (left hand)
Scrolls
 g - 3 scrolls of teleportation
 l - a scroll of enchant weapon
Potions
 k - a potion of might


   Skills:
 * Level 2.2 Fighting
 + Level 3.0 Short Blades
 + Level 2.7 Throwing
 * Level 3.1 Dodging
 * Level 8.3 Stealth


You had 4 spell levels left.
You didn't know any spells.
Your spell library contained the following spells:

 Spells                   Type           Power      Damage    Failure   Level
 Blink                    Tloc           0%         N/A       43%         2
 Lesser Beckoning         Tloc           0%         N/A       67%         3
 Manifold Assault         Tloc           0%         N/A       100%        5


Dungeon Overview and Level Annotations

Branches:
Dungeon (6/15)
 Temple: D:4-7

Altars:

Shops:
D:1 *


Innate Abilities, Weirdness & Mutations

You are very small and have problems with some larger weapons.
You are too small for most types of armour.
You have supernaturally acute eyesight. (SInv)
You cover ground extremely quickly. (Speed+++)


Message History

The iguana is almost dead.
You hit the iguana.
You kill the iguana!
Your Short Blades skill increases to level 3!
Your Dodging skill increases to level 3!
You hit the hound skeleton.
The hound skeleton is moderately damaged.
The hound skeleton closely misses you.
You hit the hound skeleton.
The hound skeleton is heavily damaged.
The hound skeleton completely misses you.
You hit the hound skeleton.
The hound skeleton is severely damaged.
The hound skeleton closely misses you.
You hit the hound skeleton.
The hound skeleton is almost destroyed.
The hound skeleton bites you but does no damage.
You hit the hound skeleton.
You destroy the hound skeleton!
An ogre comes into view. It is wielding a +0 giant club.
You see here an iguana corpse.
An ogre is nearby!
Throw: 3 darts (atropa)
Press: ? - help, Q - select action, (/) - cycle Shift-Dir - straight line, f - ogre
Aim: an ogre, wielding a +0 giant club (wandering, hasn't noticed you, 77% to hit, chance to blind on hit: 73%)
You throw an atropa-tipped dart. The atropa-tipped dart hits the ogre!
The ogre appears confused.
The ogre shouts!
Things that are here:
a +0 rapier; a +0 scale mail The ogre seems less confused.
The ogre misses you.
You strike the helpless ogre from behind!
You impale the ogre!!
The ogre is severely wounded.
You hit the ogre. You punch the ogre, but do no damage.
The ogre is severely wounded.
The ogre hits you with a +0 giant club!!
Ouch! That really hurt!
You die...

#####..### #...# #..
##.....# ######.((# #.#
......## #(......(# #.#
##.##.# #.####..(# #.# ..
......# #.......†#
####.##..#. ...##.#
#.......(###..........
#####.#
#........)†....######.
#####.######...##.#.###)..#
......##.......O@...# ##.##
#..............(....# #.#
#..###.#...####.##.## #.#
...#⌠#.....####<##.# #..
.###.###.....##.##.# ###
.#⌠..[⌠#...#.##.##.###
##l....###.#.##......#
⌠$5.<...⌠#...........#
##J...$###.#.###.....#


You could see an ogre (blind).

Vanquished Creatures
  A howler monkey (D:5)
  A centaur zombie (D:5)
  An orc priest (D:5)
  A bullfrog skeleton (D:5)
  An iguana (D:5)
  A hound skeleton (D:5)
  An adder (D:2)
  A dart slug (D:1)
  2 orcs
  3 endoplasms (D:1)
  4 giant cockroaches
  A goblin (D:2)
  7 hobgoblins
  A quokka (D:2)
  3 ball pythons
  5 bats
  A frilled lizard (D:2)
  A kobold (D:1)
  4 rats
40 creatures vanquished.

Notes
Turn   | Place    | Note
-------+----------+-------------------------------------------
     0 | D:1      | styxcanada the Spriggan Brigand began the quest for the
                  | Orb.
     0 | D:1      | Reached XP level 1. HP: 10/10 MP: 2/2
    68 | D:1      | Reached skill level 6 in Stealth
   137 | D:1      | Found Wosomaed's General Store.
   184 | D:1      | Reached XP level 2. HP: 10/15 MP: 3/3
   906 | D:1      | Found a faded altar of an unknown god.
  1223 | D:2      | Reached skill level 7 in Stealth
  1301 | D:2      | Reached XP level 3. HP: 18/18 MP: 4/4
  1764 | D:3      | You fall into a shaft and drop 3 floors!
  1977 | D:5      | Entered Level 5 of the Dungeon
  2022 | D:5      | Reached XP level 4. HP: 23/23 MP: 5/5
  2045 | D:5      | Reached skill level 8 in Stealth
  2059 | D:5      | Reached XP level 5. HP: 20/26 MP: 6/6
  2160 | D:5      | Noticed an ogre
  2168 | D:5      | Demolished by an ogre

Illustrated notes

Levels and vault maps discovered:
D:1:      dpeg_arrival_erosion, layout_rooms, serial_shops, nicolae_square_shop,
          hellmonk_ecumenical_altar_arch_garden
D:2:      layout_rooms
D:3:      layout_loops_cross, nicolae_hepliaklqana_hazy_memory,
          mainiacjoe_overflow_chevrons, portal_sewer_entry_a
D:5:      layout_loops_cross, nicolae_fountain_basement, uniq_ijyb
D:6:      layout_basic, mainiacjoe_overflow_concentric_impassable

Skill      XL: |  1  2  3  4  5 |
---------------+----------------+-----
Stealth        | 6 7 8 |  8.3
Dodging        | 2 3 |  3.1
Fighting       | 2 |  2.2
Short Blades   | 3 |  3.0
Throwing       | |  2.7

Action                   |  1- 3 |  4- 6 || total
-------------------------+-------+-------++-------
Melee: Dagger            |    77 |    62 ||   139
       Punch             |       |     1 ||     1
Throw: Dart              |    17 |    12 ||    29
       Throwing net      |       |     1 ||     1
  Use: Scroll            |     3 |     2 ||     5
       Potion            |       |     2 ||     2
 Stab: Sleeping          |     9 |       ||     9
       Invisible         |       |     1 ||     1
Armor: Robe              |    13 |     2 ||    15
Dodge: Dodged            |    58 |    45 ||   103
